 Dungeon Crawl Stone Soup version 0.29-a0-323-g050149af67 (webtiles) character file.

Game seed: 16483488966665586340

1026 Morbidden the Ruffian (level 8, -1/67 HPs)
             Began as a Troll Monk on Apr 10, 2022.
             Was a Priest of Hepliaklqana.
             Killed by nerve-wracking pain
             ... invoked by Menkaure
              (7 damage)
             ... on level 5 of the Dungeon.
             The game lasted 00:06:02 (4220 turns).

Morbidden the Ruffian (Troll Monk)                  Turns: 4220, Time: 00:06:03

Health: -1/67      AC:  5    Str: 18 (20) XL:     8   Next: 2%
Magic:  9/9        EV: 10    Int:  5 (8)  God:    Hepliaklqana [***...]
Gold:   160        SH:  0    Dex:  9 (12) Spells: 10/10 levels left

rFire   . . .      SeeInvis .     - Unarmed
rCold   + . .      Faith    .   (no shield)
rNeg    . . .      Spirit   .   a - +1 robe
rPois   .          Reflect  .   (helmet restricted)
rElec   .          Harm     .   (no cloak)
rCorr   .          Rampage  .   (gloves unavailable)
Will    .....                   (boots unavailable)
Stlth   +.........              g - amulet of the acrobat
HPRegen 1.01/turn               c - ring of flight
MPRegen 0.11/turn               m - ring of protection from cold

@: flying
A: reduced essence, large, unfitting armour, claws 3, regeneration 1, shaggy fur
1, tough skin 1
a: Renounce Religion, Recall Ancestor, Ancestor Identity, Transference


You were on level 5 of the Dungeon.
You worshipped Hepliaklqana.
Hepliaklqana was most pleased with you.
You visited 1 branch of the dungeon, and saw 5 of its levels.
You also visited: Ossuary.

You collected 160 gold pieces.

Inventory:

Armour
 a - a +1 robe (worn)
 t - an orb of light
Jewellery
 c - a ring of flight (left claw)
 f - an amulet of magic regeneration
 g - an amulet of the acrobat (around neck)
 m - a ring of protection from cold (right claw)
 w - a ring of willpower
Wands
 o - a wand of flame (31)
Scrolls
 i - 2 scrolls of immolation
 k - a scroll of enchant armour
 l - 2 scrolls of enchant weapon {unknown}
 q - 3 scrolls of identify
 u - a scroll of teleportation
 v - 2 scrolls of noise {unknown}
Potions
 b - a potion of ambrosia
 d - 3 potions of degeneration
 e - 2 potions of heal wounds {unknown}
 h - a potion of flight {unknown}
 j - a potion of invisibility {unknown}
 n - 4 potions of mutation {unknown}
 p - a potion of berserk rage {unknown}
 r - 7 potions of curing {unknown}
 s - 4 potions of brilliance {unknown}
 x - a potion of might {unknown}


   Skills:
 * Level 3.4 Fighting
 * Level 4.4 Dodging
 + Level 1.3 Stealth
 * Level 7.3 Unarmed Combat
 * Level 1.6 Spellcasting


You had 10 spell levels left.
You didn't know any spells.
Your spell library contained the following spells:

 Spells                   Type           Power      Damage    Failure   Level
 Ignite Poison            Fire/Tmut/Pois 0%         N/A       80%         3
 Mephitic Cloud           Conj/Pois/Air  0%         N/A       80%         3
 Portal Projectile        Hex/Tloc       0%         N/A       80%         3
 Animate Dead             Necr           0%         N/A       99%         4
 Hailstorm                Conj/Ice       0%         3d3       99%         4
 Ice Form                 Ice/Tmut       0%         N/A       99%         4
 Blade Hands              Tmut           0%         N/A       100%        5
 Excruciating Wounds      Necr           0%         N/A       100%        5
 Freezing Cloud           Conj/Ice/Air   0%         6-21      100%        5
 Simulacrum               Ice/Necr       0%         N/A       100%        6
 Haunt                    Necr/Summ      0%         N/A       100%        7
 Infestation              Necr           0%         N/A       100%        8


Dungeon Overview and Level Annotations

Branches:
Dungeon (5/15)             Temple (0/1) D:4         Ossuary (visited)

Altars:
Hepliaklqana
Wu Jian

Annotations:
D:5 Menkaure


Innate Abilities, Weirdness & Mutations

Your life essence is reduced to manifest your ancestor. (-10% HP)
You are too large for most types of armour.
You have claws for hands.
Your natural rate of healing is unusually fast.
You are covered in fur. (AC +1)
You have tough skin. (AC +1)


Message History

Menkaure is nearby!
You scratch Menkaure.
Menkaure is lightly damaged.
Menkaure mumbles some strange words.
Menkaure seems to speed up.
Menkaure is nearby!
You scratch Menkaure. Your claw misses Menkaure.
Menkaure is moderately damaged.
Menkaure hits you!
Menkaure is nearby!
You barely miss Menkaure.
Menkaure is moderately damaged.
Menkaure hits you!!
You are too injured to fight recklessly!
You are too injured to fight recklessly!
You are too injured to fight recklessly!
You are too injured to fight recklessly!
Unknown command.
You claw Menkaure!
Menkaure is heavily damaged.
Tiberia casts a spell at Menkaure.
The puff of frost hits Menkaure.
Menkaure resists.
Menkaure hits you!!
* * * LOW HITPOINT WARNING * * *
Unknown command.
You closely miss Menkaure.
Menkaure is severely damaged.
Menkaure hits you!
* * * LOW HITPOINT WARNING * * *
Unknown command.
You barely miss Menkaure.
Menkaure is severely damaged.
Menkaure closely misses you.
Unknown command.
Unknown command.
It was a potion of degeneration.
There was something very wrong with that liquid.
You feel weakened.
You feel dopey.
You feel clumsy. Menkaure casts a spell at you. Pain shoots through your body!
You die...

#.....##.....
######....##.....
#....'....##.....
#.####...###.....
##+####...########
#.........†.# #...
#...........# #...
#R..........# #...
#@###.###.#.# #[..
#M#.......#.# #...
#.#.......#.# ##..
#.#.......#.# #.#
###.......#### #..
#..........# #.#
##########.# #..
#.# #.# #.# #..


You could see the friendly Tiberia the battlemage and Menkaure (fast, ally
target).

Vanquished Creatures
  An elf zombie (Ossuary)
  A necrophage (D:4)
  2 centaur zombies (Ossuary)
  A hound (D:5)
  2 human zombies
  An orc priest (D:4)
  2 human skeletons (D:4)
  2 iguanas (D:5)
  Robin (D:2)
  5 adders
  An ufetubus (D:5)
  An adder zombie (Ossuary)
  3 worms
  4 dart slugs
  12 orcs
  10 ball pythons
  5 bats
  3 endoplasms
  3 giant cockroaches
  11 goblins
  7 hobgoblins
  4 kobolds
  5 quokkas
  4 frilled lizards
  3 goblin zombies (Ossuary)
  6 hobgoblin zombies (Ossuary)
  7 kobold zombies (Ossuary)
  2 orc skeletons (D:4)
  8 orc zombies
  4 rats
121 creatures vanquished.

Vanquished Creatures (collateral kills)
  A phantom (D:5)
  A jelly (D:4)
  2 hounds
  2 orc priests (D:3)
  An iguana (D:5)
  2 orc wizards
  2 mummies (Ossuary)
  5 adders
  A white imp (D:5)
  2 adder zombies (Ossuary)
  12 orcs
  2 ball pythons (D:3)
  A bat (D:3)
  2 endoplasms
  A giant cockroach (D:3)
  A goblin zombie (Ossuary)
  2 hobgoblin zombies (Ossuary)
  3 kobolds
  2 kobold zombies (Ossuary)
  2 orc zombies (Ossuary)
47 creatures vanquished.

Vanquished Creatures (others)
  A battlemage (Ossuary)
1 creature vanquished.

Grand Total: 169 creatures vanquished

Notes
Turn   | Place    | Note
-------+----------+-------------------------------------------
     0 | D:1      | Morbidden the Troll Monk began the quest for the Orb.
     0 | D:1      | Reached XP level 1. HP: 22/22 MP: 0/0
   130 | D:1      | Reached XP level 2. HP: 29/29 MP: 1/1
   712 | D:2      | Reached XP level 3. HP: 36/36 MP: 2/2
  1152 | D:2      | Noticed Robin
  1323 | D:2      | Found a hazy altar of Hepliaklqana.
  1345 | D:2      | Killed Robin
  1346 | D:2      | Reached XP level 4. HP: 34/44 MP: 3/3
  1358 | D:2      | Reached skill level 4 in Unarmed Combat
  1374 | D:2      | Became a worshipper of Hepliaklqana the Forgotten
  1374 | D:2      | Reached * piety under Hepliaklqana
  1374 | D:2      | Reached ** piety under Hepliaklqana
  1375 | D:2      | Remembered your ancestor Tiberia as a battlemage
  1773 | D:3      | Reached XP level 5. HP: 22/46 MP: 4/4
  2283 | D:3      | Reached skill level 5 in Unarmed Combat
  2373 | D:3      | Found a faded altar of an unknown god.
  2418 | D:3      | Reached XP level 6. HP: 54/54 MP: 6/6
  2665 | D:4      | Found a sand-covered staircase.
  2675 | Ossuary  | Entered an ossuary
  2781 | Ossuary  | Reached skill level 1 in Spellcasting
  2832 | Ossuary  | Reached skill level 6 in Unarmed Combat
  2852 | Ossuary  | Reached XP level 7. HP: 38/60 MP: 7/7
  3080 | D:4      | Found a staircase to the Ecumenical Temple.
  3319 | D:4      | Reached *** piety under Hepliaklqana
  3636 | D:5      | Entered Level 5 of the Dungeon
  3865 | D:5      | Found an ornate altar of the Wu Jian Council.
  3983 | D:5      | Reached skill level 7 in Unarmed Combat
  4131 | D:5      | Reached XP level 8. HP: 67/67 MP: 9/9
  4210 | D:5      | Noticed Menkaure
  4220 | D:5      | Killed from afar by Menkaure

Illustrated notes

Levels and vault maps discovered:
D:1:      scummos_arrival_simple_fountains, layout_rooms,
          dreamdust_mushroom_princess, nrook_uturn, kennysheep_crisscross,
          minmay_box_of_dots
D:2:      layout_basic, basic_altar, uniq_robin
D:3:      layout_rooms, shapermc_ecumenical_altar_hornbeckon,
          chequers_decorated_corner, saegor_snake_ambush
D:4:      layout_basic, minmay_temple_entry_statues_pillars,
          nicolae_ossuary_entry_catacombs, st_stairs_9, minmay_misc_feat_x,
          hex_tiny
D:5:      layout_basic, nzn_wu_jian_council_hall, glass_columns_b,
          minmay_crystal_room, uniq_menkaure

Skill      XL: |  1  2  3  4  5  6  7 |
---------------+----------------------+-----
Dodging        | 3 4 |  4.4
Unarmed Combat | 4 5 6 7 |  7.3
Fighting       | 3 |  3.4
Spellcasting   | 1 |  1.6
Stealth        | |  1.3

Action                   |  1- 3 |  4- 6 |  7- 9 || total
-------------------------+-------+-------+-------++-------
Melee: Unarmed           |   113 |   163 |    93 ||   369
       Punch             |       |       |     3 ||     3
Invok: Ancestor Life: Ba |       |     1 |       ||     1
  Use: Scroll            |       |     6 |       ||     6
       Potion            |       |       |     1 ||     1
 Stab: Sleeping          |     3 |       |     1 ||     4
Armor: Robe              |    31 |    58 |    17 ||   106
Dodge: Dodged            |    90 |   114 |    40 ||   244

Table legend: (Time is in decaauts)
 A = Elapsed time spent in this place.
 B = Non-inter-level travel time spent in this place.
 C = Inter-level travel time spent in this place.
 D = Time resting spent in this place.
 E = Time spent auto-exploring this place.
 F = Levels seen in this place.
 G = Mean time per level.
                   A        B        C        D        E       F      G
               +--------+--------+--------+--------+--------+-----+--------+
         Total |   4185 |   4081 |    104 |    191 |   2962 |   6 |  697.5 |
       Dungeon |   3900 |   3796 |    104 |    147 |   2877 |   5 |  780.0 |
       Ossuary |    284 |    284 |      0 |     44 |     85 |   1 |  284.0 |
               +--------+--------+--------+--------+--------+-----+--------+

Top non-repeatable levels by time:
     D:2: 994 daAuts
     D:4: 876 daAuts
     D:1: 743 daAuts
     D:3: 708 daAuts
     D:5: 578 daAuts
 Ossuary: 284 daAuts
